 Dungeon Crawl Stone Soup version 0.26.1-2-gb8aa6d0cf2 (webtiles) character file.

Game seed: 8463837193840350422

22 Azunone the Bolt Thrower (level 2, 0/21 (23) HPs)
             Began as a Gnoll Wanderer on Mar 19, 2021.
             Killed by nerve-wracking pain
             ... invoked by an orc priest
              (11 damage)
             ... on level 3 of the Dungeon.
             The game lasted 00:03:06 (972 turns).

Azunone the Bolt Thrower (Gnoll Wanderer)            Turns: 972, Time: 00:03:06

HP:   0/21 (23)     AC:  2    Str: 16    XL:     2   Next: 91%
MP:   7/7           EV: 11    Int: 14    God:
Gold: 32            SH:  5    Dex: 18    Spells: 9/10 levels left

rFire    . . .     SeeInvis .   a - +2 hand crossbow
rCold    . . .     Faith    .   j - +0 buckler
rNeg     . . .     Spirit   .   e - +0 robe
rPois    .         Reflect  .   (no helmet)
rElec    .         Harm     .   n - scarf {repulsion}
rCorr    .         Rampage  .   (no gloves)
Will     .....                  (no boots)
Stlth    ++........             (no amulet)
HPRegen  0.07/turn              p - +6 ring of dexterity
MPRegen  0.10/turn              (no ring)

@: drained, repel missiles
A: distributed training, fangs 1, strong nose
a: no special abilities


You were on level 3 of the Dungeon.
You visited 1 branch of the dungeon, and saw 4 of its levels.

You collected 32 gold pieces.

Inventory:

Hand Weapons
 a - a +2 hand crossbow (weapon)
 k - a +0 spear
 t - a +0 trident
Missiles
 b - 19 bolts (quivered ammo)
 g - 27 poisoned darts
 i - 5 javelins
Armour
 e - a +0 robe (worn)
 j - a +0 buckler (worn)
 n - a scarf of repulsion (worn)
Jewellery
 p - a +6 ring of dexterity (left hand)
 q - an uncursed ring of resist corrosion {unknown}
Wands
 r - a wand of random effects (9)
Scrolls
 f - 7 scrolls of identify {unknown}
 h - a scroll of blinking {unknown}
 l - a scroll of remove curse
 m - a scroll of fear {unknown}
 s - a scroll of magic mapping {unknown}
Potions
 d - a potion of curing
 o - a potion of lignification {unknown}


   Skills:
 + Level 2.5 Fighting
 + Level 0.5 Short Blades
 + Level 0.5 Long Blades
 + Level 0.5 Axes
 + Level 0.5 Maces & Flails
 + Level 0.5 Polearms
 + Level 0.5 Staves
 + Level 0.5 Slings
 + Level 0.5 Bows
 + Level 6.5 Crossbows
 + Level 2.5 Throwing
 + Level 2.5 Armour
 + Level 0.5 Dodging
 + Level 0.5 Stealth
 + Level 2.5 Shields
 + Level 0.5 Unarmed Combat
 + Level 4.9 Spellcasting
 + Level 0.4 Conjurations
 + Level 0.4 Hexes
 + Level 0.4 Summonings
 + Level 0.4 Necromancy
 + Level 0.4 Translocations
 + Level 0.4 Transmutations
 + Level 2.0 Fire Magic
 + Level 0.4 Ice Magic
 + Level 0.4 Air Magic
 + Level 0.4 Earth Magic
 + Level 0.4 Poison Magic
 + Level 0.7 Invocations
 + Level 0.5 Evocations


You had 9 spell levels left.
You knew the following spells:

 Your Spells              Type           Power        Failure   Level
a - Sting                 Tmut/Pois      16%          19%         1

Your spell library contained the following spells:

 Spells                   Type           Power        Failure   Level
 Spider Form              Tmut/Pois      2%           47%         3


Dungeon Overview and Level Annotations

Branches:
Dungeon (4/15)
 Temple: D:4-7

Altars:


Innate Abilities, Weirdness & Mutations

Your experience applies equally to all skills.
You have very sharp teeth.
Your uncanny sense of smell can sniff out nearby items.


Message History

The gnoll closely misses you.
Found a scroll labelled ISKUWO ZU CADGH and a leather armour.
A kobold comes into view. It is wielding a +0 short sword.
You block the gnoll's attack.
The kobold shouts!
A frilled lizard comes into view.
The kobold barely misses you. The kobold barely misses you.
Found 22 sling bullets.
Found a robe.
An orc and an orc priest come into view.
The orc priest shouts!
An orc priest comes into view. It is wielding a +0 dagger.
An orc and an orc priest come into view.
The orc priest shouts!
The orc shouts!
The orc priest shouts!
The orc priest invokes the aid of Beogh against you.
Pain shoots through your body!
Ouch! That really hurt!
You die...

... #...# #.z.### ......
#...######...... ......
#....g.......... ..oo..
#...g..z........
......###...............
....o.....K...z.........
#o.....................
#..o....g..#....#......
#.....@................
#............##....(.##
#............##......#
#....[............
#..........#....#
#####...........
#.......... #.........


You could see a wight, 3 orc priests, 2 gnolls, 2 orcs, a goblin and a kobold.

Vanquished Creatures
  A dart slug (D:2)
  2 leopard geckos (D:1)
  2 hobgoblins (D:1)
  3 jackals (D:2)
  2 bats (D:1)
  3 goblins
  2 kobolds
  A rat (D:1)
16 creatures vanquished.

Notes
Turn   | Place    | Note
-------+----------+-------------------------------------------
     0 | D:1      | Azunone the Gnoll Wanderer began the quest for the Orb.
     0 | D:1      | Azunone set off with the following items: a +2 hand
                  | crossbow, 27 bolts, a potion of curing, a +0 robe; and the
                  | following spell memorised: Sting; and the following spells
                  | available to memorise: Spider Form
     0 | D:1      | Reached XP level 1. HP: 17/17 MP: 6/6
   128 | D:1      | Reached XP level 2. HP: 23/23 MP: 7/7
   928 | D:2      | You fall into a shaft and drop 1 floor!
   937 | D:4      | Noticed a wight
   937 | D:4      | Noticed a wight
   937 | D:4      | Noticed a wight
   937 | D:4      | Noticed a wight
   937 | D:4      | Noticed a wight
   972 | D:3      | Killed from afar by an orc priest

Illustrated notes

Levels and vault maps discovered:
D:1:      eino_arrival_cavern_a, layout_rooms
D:2:      layout_loops_ring, fedhas_altar_3, uniq_sigmund
D:3:      layout_basic, skrybe_limestone_x, minmay_divided_ellipse,
          uniq_crazy_yiuf_cottage, uniq_robin
D:4:      layout_basic, elyvilon_altar_1, kennysheep_little_box,
          minmay_temple_entry_large_hall, patterned_corridor, uniq_eustachio

Skill      XL: |  1 |
---------------+----+-----
Fire Magic     | 2 |  2.0
Fighting       | |  2.5
Short Blades   | |  0.5
Long Blades    | |  0.5
Axes           | |  0.5
Maces & Flails | |  0.5
Polearms       | |  0.5
Staves         | |  0.5
Slings         | |  0.5
Bows           | |  0.5
Crossbows      | |  6.5
Throwing       | |  2.5
Armour         | |  2.5
Dodging        | |  0.5
Stealth        | |  0.5
Shields        | |  2.5
Unarmed Combat | |  0.5
Spellcasting   | |  4.9
Conjurations   | |  0.4
Hexes          | |  0.4
Summonings     | |  0.4
Necromancy     | |  0.4
Translocations | |  0.4
Transmutations | |  0.4
Ice Magic      | |  0.4
Air Magic      | |  0.4
Earth Magic    | |  0.4
Poison Magic   | |  0.4
Invocations    | |  0.7
Evocations     | |  0.5

Action                   || total
-------------------------++-------
 Fire: Hand crossbow     ||    40
  Use: Scroll            ||     2
Armor: Robe              ||     1
Dodge: Dodged            ||    14
       Repelled          ||     1
Block: Buckler           ||     6
